 Dungeon Crawl Stone Soup version 0.21.1-1-g345015f (webtiles) character file.

126 equizz the Shield-Bearer (level 5, -2/41 HPs)
             Began as a Human Fighter on Feb 20, 2018.
             Slain by Sigmund
             ... wielding a +0 scythe
              (6 damage)
             ... on level 3 of the Dungeon.
             The game lasted 00:11:44 (1540 turns).

equizz the Shield-Bearer (Human Fighter)            Turns: 1540, Time: 00:11:46

Health: -2/41      AC:  6    Str: 22    XL:     5   Next: 31%
Magic:  5/5        EV:  7    Int:  8    God:
Gold:   133        SH: 10    Dex: 13    Spells: 4/4 levels left

rFire    . . .     SeeInvis .   a - +1 war axe
rCold    . . .     Gourm    .   c - +0 shield
rNeg     . . .     Faith    .   b - +0 scale mail
rPois    .         Spirit   .   (no helmet)
rElec    .         Reflect  .   (no cloak)
rCorr    .         Harm     .   (no gloves)
MR       .....                  (no boots)
Stlth    ..........             (no amulet)
HPRegen  0.13/turn              (no ring)
MPRegen  0.09/turn              (no ring)

@: mighty
A: no striking features
a: no special abilities


You were on level 3 of the Dungeon.
You were not hungry.

You visited 1 branch of the dungeon, and saw 3 of its levels.

You collected 133 gold pieces.

Inventory:

Hand Weapons
 a - a +1 war axe (weapon)
 j - a +2 dagger of distortion
 n - a +0 hand axe
 r - a +5 dagger
 u - a cursed -2 long sword
Armour
 b - a +0 scale mail (worn)
 c - a +0 shield (worn)
Jewellery
 l - an uncursed ring of ice
Scrolls
 h - a scroll of fog {unknown}
 i - a scroll of magic mapping {unknown}
 o - a scroll of identify {unknown}
 q - a scroll of teleportation
 s - a scroll of enchant weapon
Potions
 e - a potion of lignification {unknown}
 g - 2 potions of agility {unknown}
 m - 2 potions of mutation {unknown}
 p - a potion of curing {unknown}
 v - a potion of heal wounds {unknown}
Comestibles
 f - 6 rations


   Skills:
 + Level 3.3 Fighting
 + Level 3.3 Axes
 + Level 3.6 Armour
 + Level 0.5 Dodging
 + Level 3.9 Shields


You had 4 spell levels left.
You didn't know any spells.

Dungeon Overview and Level Annotations

Branches:
Dungeon (3/15)

Altars:
Hepliaklqana
Kikubaaqudgha
Trog
Uskayaw

Annotations:
D:3 Sigmund


Message History

Something hits you but does no damage.
You slash something!
Reactivating autopickup.
You feel a bit more experienced. Something hits you but does no damage.
Deactivating autopickup; reactivate with Ctrl-A.
Something hits you but does no damage.
Items here: )) [[ † a dagger; a robe; a mace; a chain mail; an orc corpse You hit something.
Something hits you.
* * * LOW HITPOINT WARNING * * *
You barely miss something.
You hear some strange, mumbled words.
Something tries to affect you, but you resist.
You miss something.
You hear some strange, mumbled words.
A puff of flame appears from out of thin air!
The puff of flame hits you!
* * * LOW HITPOINT WARNING * * *
Something hits you.
You die...

.o..... ..>### ..
.......###....# .. #)......#
.# ### ##.##....# #.###.#
#.).#....#
##+####.#.#.########...#.....
#.......)...##)....#...#...)†
#.....#.#...##.###.....#.....
#........<.{@..# #.#...##....
#....##.###.##.# #.#...######
#....##.# ####.# #.#####
#####.†..##.# ###.# ###
.........##.# ...###
......#))##.##.##
......##.##.....#
..[...##..#..#..##
?.....###....#...#


There were no monsters in sight!

Vanquished Creatures
  An orc wizard (D:3)
  4 adders (D:2)
  An ooze (D:1)
  4 worms
  2 dart slugs (D:2)
  2 leopard geckos
  3 orcs (D:3)
  2 giant cockroaches
  6 goblins
  4 hobgoblins
  4 jackals (D:2)
  8 kobolds
  A quokka (D:2)
  3 ball pythons
  6 bats
  4 frilled lizards
  5 rats
60 creatures vanquished.

Notes
Turn   | Place    | Note
-------+----------+-------------------------------------------
     0 | D:1      | equizz the Human Fighter began the quest for the Orb.
     0 | D:1      | Reached XP level 1. HP: 18/18 MP: 1/1
   396 | D:1      | Reached XP level 2. HP: 21/24 MP: 2/2
   590 | D:1      | Reached XP level 3. HP: 29/29 MP: 3/3
   795 | D:2      | Reached XP level 4. HP: 16/35 MP: 4/4
  1200 | D:2      | Found a hide-covered altar of Uskayaw.
  1242 | D:2      | Found a hazy altar of Hepliaklqana.
  1271 | D:2      | Found a bloodstained altar of Trog.
  1275 | D:2      | Found an ancient bone altar of Kikubaaqudgha.
  1323 | D:2      | Reached XP level 5. HP: 31/41 MP: 5/5
  1515 | D:3      | Noticed Sigmund
  1540 | D:3      | Slain by Sigmund

Skill      XL: |  1  2  3  4  5 |
---------------+----------------+-----
Axes           | 3 |  3.3
Fighting       | |  3.3
Armour         | |  3.6
Dodging        | |  0.5
Shields        | |  3.9

Action                   |  1- 3 |  4- 6 || total
-------------------------+-------+-------++-------
Melee: War axe           |    77 |   109 ||   186
  Use: Scroll            |       |     4 ||     4
       Potion            |       |     1 ||     1
  Eat: Ration            |       |     1 ||     1
Armor: Scale mail        |    55 |    58 ||   113
Dodge: Dodged            |    31 |    30 ||    61
Block: Shield            |    65 |    42 ||   107
